 Dungeon Sprint DCSS version 0.28-a0-268-g3f656e82c2 (webtiles) character file.

Game seed: 11415490766091552784

1821 Ankalagon the Covert (level 9, -7/51 HPs)
             Began as an Octopode Conjurer on Aug 29, 2021.
             Was a Follower of Yredelemnul.
             Mangled by a deep troll (16 damage)
             ... in the Dungeon (Sprint I: "Red Sonja").
             The game lasted 00:05:18 (1156 turns).

Ankalagon the Covert (Octopode Conjurer)            Turns: 1156, Time: 00:05:19

Health: -7/51      AC:  1    Str:  6    XL:     9   Next: 10%
Magic:  3/20       EV: 16    Int: 22    God:    Yredelemnul [*.....]
Gold:   163        SH:  0    Dex: 12    Spells: 11/22 levels left

rFire   . . .      SeeInvis .   f - +0 dagger (venom)
rCold   . . .      Faith    .   (no shield)
rNeg    . . .      Spirit   .   (helmet restricted)
rPois   .          Reflect  .   (no amulet)
rElec   .          Harm     .   i - ring of willpower
rCorr   .          Rampage  .   (no ring)
Will    +....      NoTele   +   (no ring)
Stlth   ++++++....              (no ring)
HPRegen 0.17/turn               (no ring)
MPRegen 0.17/turn               (no ring)
                                (no ring)
                                (no ring)

@: no status effects
A: almost no armour, amphibious, 8 rings, camouflage 1, gelatinous body 1,
(nimble swimmer 1), tentacles
a: Renounce Religion, Animate Remains


You were in the Dungeon.
You worshipped Yredelemnul.
Yredelemnul was aware of your devotion.
You visited 1 branch You collected 513 gold pieces.
You spent 350 gold pieces at shops.

Inventory:

Hand Weapons
 f - a +0 dagger of venom (weapon)
Missiles
 j - 4 curare-tipped darts
Jewellery
 i - a ring of willpower (left tentacle)
Wands
 h - a wand of digging (8)
Scrolls
 e - a scroll of acquirement {unknown}
 g - a scroll of amnesia {unknown}
Potions
 a - a potion of curing
 b - a potion of heal wounds
 c - a potion of haste
 d - 2 potions of magic


   Skills:
 + Level 8.8 Dodging
 - Level 12.8 Stealth
 - Level 7.3 Spellcasting
 + Level 10.6 Conjurations
 - Level 4.9 Hexes
 + Level 8.0 Translocations


You had 11 spell levels left.
You knew the following spells:

 Your Spells              Type           Power      Damage    Failure   Level
d - Iskenderun's Mystic   Conj/Tloc      48%        2d11      1%          4
e - Magic Dart            Conj           100%       1d8       1%          1
r - Searing Ray           Conj           100%       3d7       1%          2
t - Fulminant Prism       Conj/Hex       21%        3d13      3%          4

Your spell library contained the following spells:

 Spells                   Type           Power      Damage    Failure   Level
 Dazzling Flash           Conj/Hex       84%        N/A       1%          3


Dungeon Overview and Level Annotations

Branches:
Dungeon (1/1)

Altars:
Cheibriados
Dithmenos
Elyvilon
Fedhas
Gozag
Hepliaklqana
Kikubaaqudgha
Makhleb
Nemelex Xobeh
Okawaru
Qazlal
Ru
Sif Muna
Trog
Uskayaw
Vehumet
Wu Jian
Xom
Yredelemnul
Zin
The Shining One
Jiyva
Lugonu

Shops:
D ?=


Innate Abilities, Weirdness & Mutations

You cannot wear most types of armour.
You are amphibious.
You can wear up to eight rings at the same time.
Your skin changes colour to match your surroundings (Stealth+).
Your rubbery body absorbs attacks. (AC +1, EV +1)
((You are camouflaged near water. (Stealth+)))
You have tentacles for arms and can constrict up to eight enemies at once.


Message History

The deep troll bites your fulminant prism!
Your fulminant prism explodes!
The blast of energy engulfs the deep troll!
The deep troll is heavily wounded.
Casting: Fulminant Prism (dangerous; 3% risk of failure)
Confirm with . or Enter, or press ? or * to list all spells.
Aiming: Fulminant Prism (dangerous; 3% risk of failure)
Press: ? - help, Dir - move target You conjure a prism of explosive energy!
A fulminant prism comes into view.
Your fulminant prism crackles loudly.
Your fulminant prism explodes!
The blast of energy engulfs the deep troll!
The deep troll is severely wounded.
Casting: Fulminant Prism (dangerous; 3% risk of failure)
Confirm with . or Enter, or press ? or * to list all spells.
Aiming: Searing Ray (safe; 1% risk of failure)
Press: ? - help, Shift-Dir - straight line, f - deep troll
Aim: a deep troll (severely wounded, 83% to hit)
The searing ray hits the deep troll!
The deep troll is severely wounded. (Press . to maintain the ray.)
The searing ray misses the deep troll.
The searing ray misses the deep troll.
The searing ray hits the deep troll!
The deep troll is almost dead.
You finish channeling your searing ray.
The deep troll bites you! The deep troll claws you!
The deep troll barely misses you.
Casting: Searing Ray (safe; 1% risk of failure)
Confirm with . or Enter, or press ? or * to list all spells.
Aiming: Searing Ray (safe; 1% risk of failure)
Press: ? - help, Shift-Dir - straight line, f/p - deep troll
Aim: a deep troll (almost dead, 83% to hit)
The searing ray misses the deep troll. (Press . to maintain the ray.)
The deep troll bites you!
* * * LOW HITPOINT WARNING * * *
The deep troll claws you!
You die...
Your body rises from the dead as a mindless zombie.

#..#####'#####'#__####..s
#..####..#...#.#### ####
#..#__####..##.#
#..#_____##'#_.+
#⌠⌠#_.∩...'..._#
####_..__##_.#'#
#_____###'#.#
############÷####+###
#∩......@T'...'$$.$$+
###++++####...#######
##.## #+#


You could see a deep troll.

Vanquished Creatures
  Sonja (D)
  2 kobold demonologists (D)
  A slime creature (D)
  Sigmund (D)
  A yak (D)
  A floating eye (D)
  An ogre (D)
  A jelly (D)
  Ijyb (D)
  A fulminant prism (D)
11 creatures vanquished.

Vanquished Creatures (others)
  A gargoyle (D)
  8 fulminant prisms (D)
9 creatures vanquished.

Grand Total: 20 creatures vanquished

Notes
Turn   | Place    | Note
-------+----------+-------------------------------------------
     0 | D        | Ankalagon the Octopode Conjurer began the quest for the
                  | Orb.
     0 | D        | Reached XP level 1. HP: 11/11 MP: 3/3
     1 | D        | Noticed Ijyb
     9 | D        | Killed Ijyb
    10 | D        | Reached skill level 4 in Stealth
    10 | D        | Reached XP level 2. HP: 12/17 MP: 1/6
    10 | D        | Reached XP level 3. HP: 15/21 MP: 1/7
    57 | D        | Learned a level 2 spell: Searing Ray
   149 | D        | Noticed an ogre
   154 | D        | Killed an ogre
   155 | D        | Reached skill level 5 in Spellcasting
   155 | D        | Reached XP level 4. HP: 17/27 MP: 0/11
   254 | D        | Noticed Sigmund
   259 | D        | Killed Sigmund
   260 | D        | Reached skill level 12 in Stealth
   260 | D        | Reached XP level 5. HP: 18/31 MP: 4/13
   260 | D        | Reached XP level 6. HP: 21/36 MP: 4/14
   266 | D        | Learned a level 4 spell: Fulminant Prism
   271 | D        | Learned a level 4 spell: Iskenderun's Mystic Blast
   338 | D        | Found an ornate altar of the Wu Jian Council.
   338 | D        | Found a shimmering blue altar of Sif Muna.
   344 | D        | Reached skill level 1 in Hexes
   344 | D        | Found a radiant altar of Vehumet.
   368 | D        | Found Fotod's Jewellery Emporium.
   368 | D        | Found an ancient bone altar of Kikubaaqudgha.
   368 | D        | Found a hazy altar of Hepliaklqana.
   368 | D        | Found a stormy altar of Qazlal.
   368 | D        | Found a hide-covered altar of Uskayaw.
   368 | D        | Found a blossoming altar of Fedhas.
   368 | D        | Found a bloodstained altar of Trog.
   368 | D        | Found an iron altar of Okawaru.
   368 | D        | Found a basalt altar of Yredelemnul.
   368 | D        | Found a glowing golden altar of the Shining One.
   368 | D        | Found a snail-covered altar of Cheibriados.
   368 | D        | Found a sacrificial altar of Ru.
   368 | D        | Found a glowing silver altar of Zin.
   368 | D        | Found a shadowy altar of Dithmenos.
   368 | D        | Found a white marble altar of Elyvilon.
   368 | D        | Noticed a yak
   380 | D        | Killed a yak
   381 | D        | Reached XP level 7. HP: 6/41 MP: 1/17
   384 | D        | Found an opulent altar of Gozag.
   385 | D        | Found a sparkling altar of Nemelex Xobeh.
   495 | D        | Became a worshipper of Yredelemnul the Dark
   664 | D        | Found a burning altar of Makhleb.
   664 | D        | Found a viscous altar of Jiyva.
   664 | D        | Found a shimmering altar of Xom.
   664 | D        | Found a corrupted altar of Lugonu.
   664 | D        | Noticed a slime creature
   675 | D        | Killed a slime creature
   676 | D        | Reached skill level 5 in Dodging
   736 | D        | Killed a gargoyle
   780 | D        | Noticed a kobold demonologist
   786 | D        | Killed a kobold demonologist
   786 | D        | Reached * piety under Yredelemnul
   786 | D        | Killed a kobold demonologist
   787 | D        | Reached XP level 8. HP: 46/46 MP: 11/19
   811 | D        | Bought a ring of willpower for 350 gold pieces
   839 | D        | Noticed Sonja
   842 | D        | Killed Sonja
   843 | D        | Reached skill level 10 in Conjurations
   843 | D        | Reached XP level 9. HP: 42/51 MP: 12/20
   862 | D        | Found Koecoquro's Magic Scroll Boutique.
   921 | D        | Noticed a demonic crawler
   921 | D        | Noticed a demonic crawler
   921 | D        | Noticed a demonic crawler
   921 | D        | Noticed a demonic crawler
  1142 | D        | Noticed a deep troll
  1156 | D        | Mangled by a deep troll

Illustrated notes

Levels and vault maps discovered:
D:        dungeon_sprint_1 [red_sonja_temple_1, red_sonja_temple_small_1]

Skill      XL: |  1  2  3  4  5  6  7  8 |
---------------+-------------------------+-----
Dodging        | 3 7 8 |  8.8
Stealth        | 4 12 | 12.8
Spellcasting   | 3 5 7 |  7.3
Conjurations   | 7 9 10 | 10.6
Hexes          | 4 |  4.9
Translocations | 6 8 |  8.0

Action                   |  1- 3 |  4- 6 |  7- 9 || total
-------------------------+-------+-------+-------++-------
Melee: Unarmed           |     4 |       |       ||     4
       Constrict         |     1 |       |       ||     1
       Tentacles         |     1 |       |       ||     1
 Cast: Magic Dart        |     1 |     1 |       ||     2
       Searing Ray       |     2 |     5 |     5 ||    12
       Fulminant Prism   |       |       |     9 ||     9
  Use: Potion            |     1 |       |       ||     1
       Scroll            |       |       |     1 ||     1
Armor: Skin              |       |       |     1 ||     1
Dodge: Dodged            |     2 |     2 |     2 ||     6

Table legend: (Time is in decaauts)
 A = Elapsed time spent in this place.
 B = Non-inter-level travel time spent in this place.
 C = Inter-level travel time spent in this place.
 D = Time resting spent in this place.
 E = Time spent auto-exploring this place.
 F = Levels seen in this place.
 G = Mean time per level.
                   A        B        C        D        E       F      G
               +--------+--------+--------+--------+--------+-----+--------+
         Total |   1171 |   1153 |     18 |    853 |      0 |   1 | 1171.0 |
       Dungeon |   1171 |   1153 |     18 |    853 |      0 |   1 | 1171.0 |
               +--------+--------+--------+--------+--------+-----+--------+

Top non-repeatable levels by time:
       D: 1171 daAuts
